 Dungeon Crawl Stone Soup version 0.24-a0-115-gd155597 (console) character file.

Game seed: 15317341316665456186

496 Duffy the Chopper (level 7, -1/60 HPs)
             Began as a Naga Gladiator on Feb 16, 2019.
             Slain by a centaur (5 damage)
             ... on level 6 of the Dungeon.
             The game lasted 00:03:27 (3086 turns).

Duffy the Chopper (Naga Gladiator)                  Turns: 3086, Time: 00:03:28

Health: -1/60      AC:  7    Str: 17    XL:     7   Next: 15%
Magic:  7/7        EV:  5    Int: 10    God:
Gold:   49         SH:  0    Dex: 12    Spells: 6/6 levels left

rFire    . . .     SeeInvis +   a - +0 war axe
rCold    . . .     Gourm    +   (no shield)
rNeg     . . .     Faith    .   g - +0 chain mail
rPois    +         Spirit   .   c - +0 helmet
rElec    .         Reflect  .   (no cloak)
rCorr    .         Harm     .   (no gloves)
MR       .....                  (no barding)
Stlth    ..........             s - amulet of the gourmand
HPRegen  0.20/turn              i - +2 ring of slaying
MPRegen  0.10/turn              (no ring)

@: very slow
A: large, see invisible, deformed body, poison resistance, slowness 2, slow
metabolism 1, spit poison 1, AC +2
a: Spit Poison


You were on level 6 of the Dungeon.
You were not hungry.

You visited 1 branch of the dungeon, and saw 6 of its levels.

You collected 49 gold pieces.

Inventory:

Hand Weapons
 a - a +0 war axe (weapon)
 n - a +2 whip of venom
 r - the +8 hunting sling "Uthuejal" {speed, Int+2}
   (You took it off an orc on level 6 of the Dungeon)

   Attacks with this weapon are significantly faster.
   It affects your intelligence (+2).
Missiles
 d - 3 throwing nets (quivered)
Armour
 c - a +0 helmet (worn)
 g - a +0 chain mail (worn)
Jewellery
 i - a +2 ring of slaying (left hand)
 s - an amulet of the gourmand (around neck)
Wands
 p - a wand of acid (12)
Scrolls
 b - 4 scrolls of identify {unknown}
 e - a scroll of immolation {unknown}
 h - a scroll of fog {unknown}
 j - a scroll of remove curse {unknown}
 k - a scroll of amnesia {unknown}
 l - a scroll of holy word {unknown}
Potions
 o - a potion of brilliance {unknown}
 q - a potion of curing {unknown}
Comestibles
 f - 5 rations
 m - 2 chunks of flesh


   Skills:
 - Level 2.0 Fighting
 + Level 7.9 Axes
 - Level 1.7 Throwing
 - Level 2.4 Dodging


You had 6 spell levels left.
You didn't know any spells.
Your spell library was empty.

Dungeon Overview and Level Annotations

Branches:
Dungeon (6/15)
 Temple: D:4-7

Altars:

Annotations:
D:5 Eustachio, Menkaure


Innate Abilities, Weirdness & Mutations

You cannot wear boots.
Your serpentine skin is tough. (AC +2)
You have supernaturally acute eyesight. (SInv)
Armour fits poorly on your strangely shaped body.
Your system is resistant to poisons. (rPois)
You cover ground very slowly.
You have a slow metabolism.
You can spit poison.


Message History

The centaur shoots an arrow.
The arrow hits you.
A centaur comes into view.
The centaur wields a +0 shortbow.
The centaur shoots an arrow.
The arrow hits you.
The centaur unwields a +0 shortbow.
The centaur hits you.
The centaur shoots an arrow.
The arrow hits you! The centaur hits you.
Found a ring mail.
Found a stone staircase leading down.
You see here 2 arrows.
Your chain mail prevents you from hitting the centaur.
The centaur shoots an arrow.
The arrow completely misses you. The centaur hits you!
The centaur shoots an arrow.
The arrow hits you but does no damage.
You hit the centaur but do no damage.
The centaur hits you but does no damage.
The centaur closely misses you.
You barely miss the centaur.
The centaur shoots an arrow.
The arrow hits you. The centaur closely misses you.
The centaur shoots an arrow.
The arrow hits you. The centaur hits you.
The centaur hits you but does no damage.
The centaur hits you.
You die...

#... .. #........
#.## ## #[c>..... ...
. #........ #.# #
#........######.#####
#.... ...............
#...#####.......#....
#..c(.(((.(..##...###
###@.........'..#....
#..........##.#....
#..........######.#
...........##~#.#.#%
....####...##..~~}#..
.....# #..##.##...#~.
.....# #..##.^#~#.~..
....# #..#..}.#.....
..#..~~.#~


You could see 2 centaurs.

Vanquished Creatures
  A phantom (D:6)
  A bullfrog (D:6)
  A howler monkey (D:5)
  A crimson imp (D:5)
  4 orc priests
  An orc wizard (D:6)
  An iguana (D:4)
  A hound skeleton (D:4)
  2 worker ant zombies (D:6)
  3 adders
  A gnoll (D:6)
  2 leopard geckos (D:5)
  13 orcs
  2 goblins
  3 hobgoblins
  2 jackals (D:6)
  A quokka (D:6)
  A ball python (D:1)
  A kobold (D:1)
42 creatures vanquished.

Notes
Turn   | Place    | Note
-------+----------+-------------------------------------------
     0 | D:1      | Duffy the Naga Gladiator began the quest for the Orb.
     0 | D:1      | Reached XP level 1. HP: 19/19 MP: 1/1
   420 | D:3      | Reached XP level 2. HP: 25/26 MP: 2/2
   449 | D:4      | Reached skill level 4 in Axes
   699 | D:4      | Reached XP level 3. HP: 12/32 MP: 3/3
  1165 | D:5      | Entered Level 5 of the Dungeon
  1181 | D:5      | Reached XP level 4. HP: 33/39 MP: 4/4
  1478 | D:5      | Noticed Eustachio
  1479 | D:5      | Noticed a centaur
  1481 | D:5      | Noticed Menkaure
  1488 | D:6      | Reached skill level 5 in Axes
  1823 | D:5      | Reached XP level 5. HP: 26/45 MP: 5/5
  1828 | D:5      | Reached skill level 6 in Axes
  2112 | D:6      | Reached XP level 6. HP: 44/52 MP: 6/6
  2261 | D:6      | Reached skill level 7 in Axes
  2533 | D:6      | Noticed a phantom
  2566 | D:6      | Killed a phantom
  2826 | D:6      | Reached XP level 7. HP: 19/60 MP: 7/7
  2832 | D:6      | Identified the +8 hunting sling "Uthuejal" {speed, Int+2}
  3085 | D:6      | HP: 3/60 [centaur (2)]
  3086 | D:6      | Slain by a centaur

Levels and vault maps discovered:
D:1:      dpeg_arrival_arbitrary_b, layout_basic, chequers_serial_rivers_marsh
D:2:      layout_loops_cross, first_ration
D:3:      layout_rooms
D:4:      minmay_spotlight, layout_basic, minitemple
D:5:      layout_basic, lightli_temple_of_fire, minmay_temple_entry_tees,
          uniq_crazy_yiuf_cottage, uniq_menkaure, uniq_eustachio
D:6:      layout_basic, tgw_xom, chequers_temple_overflow_statue_of_worship

Skill      XL: |  1  2  3  4  5  6 |
---------------+-------------------+-----
Axes           | 4 5 6 7 |  7.9
Fighting       | |  2.0
Throwing       | |  1.7
Dodging        | |  2.4

Action                   |  1- 3 |  4- 6 |  7- 9 || total
-------------------------+-------+-------+-------++-------
Melee: War axe           |    45 |   103 |    21 ||   169
 Abil: Spit Poison       |     6 |     9 |       ||    15
  Use: Potion            |       |     1 |       ||     1
 Stab: Sleeping          |     1 |       |       ||     1
  Eat: Chunk             |       |     4 |     1 ||     5
Armor: Leather armour    |     1 |       |       ||     1
       Chain mail        |    13 |    70 |    14 ||    97
       Scale mail        |     4 |       |       ||     4
       Skin              |       |    11 |       ||    11
Dodge: Dodged            |    21 |    33 |    12 ||    66

Table legend:
 A = Non-vault XP
 B = Vault XP
 C = Vault XP percentage of total XP
 D = Non-vault monster count
 E = Vault monster count
 F = Vault count percentage of total count
                 A         B        C        D         E       F
            +---------+---------+-------+---------+---------+-------
      Total |     685 |      24 |   3.4 |      37 |       5 |  11.9
            +---------+---------+-------+---------+---------+-------
        D:1 |       8 |       0 |   0.0 |       5 |       0 |   0.0
        D:3 |       2 |       0 |   0.0 |       1 |       0 |   0.0
        D:4 |      71 |       0 |   0.0 |       3 |       0 |   0.0
        D:5 |     179 |       0 |   0.0 |       9 |       0 |   0.0
        D:6 |     425 |      24 |   5.3 |      19 |       5 |  20.8
            +---------+---------+-------+---------+---------+-------
